[Event "Asian Amateur Rapid Women 2024"]
[Site "Al Ain"]
[Date "2024.12.15"]
[Round "2.14"]
[White "Mikheeva, Vasilisa"]
[Black "Almaamari, Zainab Darwish"]
[Result "0-1"]
[ECO "D37"]
[WhiteElo "1436"]
[BlackElo "1751"]
[Annotator "NA RC"]
[PlyCount "56"]
[EventDate "2024.12.15"]
[EventType "swiss"]
[EventCountry "UAE"]
[SourceTitle "playchess.com"]
[Source "ChessBase"]
[SourceQuality "1"]
[TimeControl "900+10"]

1. d4 Nf6 2. Nf3 e6 3. Bf4 d5 4. e3 c5 5. c4 Nc6 6. Nc3 a6 7. Be2 Be7 8. O-O O-O 9. Rc1 dxc4 10. Bxc4 b5 11. Be2 cxd4 12. exd4 Bb7 13. Be3 Rc8 14. Qc2 b4 15. Na4 Nxd4 16. Qd2 Nxf3+ 17. Bxf3 Qxd2 18. Bxd2 Bxf3 19. gxf3 Nd5 20. Rfd1 Bd6 21. Be3 Bf4 22. Bxf4 Nxf4 23. Rxc8 Re8 24. Rcd8 Rxd8 25. Kf1 Rc8 26. Rd6 h6 27. Rd4 Rc1+ 28. Rd1 Rxd1# 0-1

[Event "Asian Amateur Rapid Women 2024"]
[Site "Al Ain"]
[Date "2024.12.15"]
[Round "2.16"]
[White "Lulwa Khalifa Alhammadi"]
[Black "Rani Puja"]
[Result "1-0"]
[ECO "C54"]
[WhiteElo "1621"]
[BlackElo "1478"]
[Annotator "NA RC"]
[PlyCount "91"]
[EventDate "2024.12.15"]
[EventType "swiss"]
[EventCountry "UAE"]
[SourceTitle "playchess.com"]
[Source "ChessBase"]
[SourceQuality "1"]
[TimeControl "900+10"]

1. e4 e5 2. Nf3 Nc6 3. Bc4 Bc5 4. c3 Nf6 5. d3 d6 6. b4 Bb6 7. a4 a6 8. Nbd2 Be6 9. Bb3 O-O 10. Bc2 d5 11. O-O dxe4 12. Nxe4 Nxe4 13. dxe4 Qf6 14. Qd2 h6 15. a5 Ba7 16. Qe2 Ne7 17. Be3 Ng6 18. Nd2 Rfd8 19. Rad1 Nf4 20. Qf3 Rd6 21. Bxf4 exf4 22. e5 Qxe5 23. Qxb7 Bd5 24. Qxc7 Bxg2 25. Nc4 Qg5 26. h4 Qg4 27. Bf5 Qxf5 28. Nxd6 Qg4 29. Qxf7+ Kh8 30. Qf5 Qxf5 31. Nxf5 Bxf1 32. Kxf1 Rc8 33. Rd7 Bb8 34. Rxg7 Rxc3 35. Rb7 f3 36. Rxb8+ Kh7 37. Kg1 Kg6 38. Ne3 Rc1+ 39. Kh2 Rb1 40. Kg3 Rb3 41. Kxf3 Kh5 42. Rb6 Rb2 43. Kg3 Rb1 44. Rxa6 Rxb4 45. Rb6 Rxh4 46. Rxh6+ 1-0

[Event "Asian Amateur Rapid Women 2024"]
[Site "Al Ain"]
[Date "2024.12.15"]
[Round "3.2"]
[White "Ahoud Eisa Mohamed"]
[Black "Antonova, Nadezhda"]
[Result "0-1"]
[ECO "B15"]
[WhiteElo "1553"]
[BlackElo "1989"]
[Annotator "RC"]
[PlyCount "60"]
[EventDate "2024.12.15"]
[EventType "swiss"]
[EventCountry "UAE"]
[SourceTitle "playchess.com"]
[Source "ChessBase"]
[SourceQuality "1"]
[TimeControl "900+10"]

1. e4 c6 2. d4 d5 3. Nc3 dxe4 4. Nxe4 Nf6 5. Nxf6+ exf6 6. c3 Bd6 7. Bd3 O-O 8. Qc2 Re8+ 9. Ne2 h5 10. O-O h4 11. h3 Nd7 12. Bf4 Nf8 13. Bxd6 Qxd6 14. Rfe1 Be6 15. Qd2 g5 16. b3 Rad8 17. Rad1 Kg7 18. Qc2 Ng6 19. c4 Qd7 20. d5 cxd5 21. cxd5 Bxd5 22. Bc4 Qc8 23. Nd4 Rxe1+ 24. Rxe1 Bxc4 25. Nf5+ Kf8 26. bxc4 b5 27. Ne3 bxc4 28. Nxc4 Ne5 29. Rc1 Nxc4 30. Qxc4 Rd1+ 0-1

[Event "Asian Amateur Rapid Women 2024"]
[Site "Al Ain"]
[Date "2024.12.15"]
[Round "3.3"]
[White "Asudani Ruhani Raj"]
[Black "Ahlam Rashed"]
[Result "1-0"]
[ECO "E44"]
[WhiteElo "1613"]
[BlackElo "1987"]
[Annotator "RC"]
[PlyCount "127"]
[EventDate "2024.12.15"]
[EventType "swiss"]
[EventCountry "UAE"]
[SourceTitle "playchess.com"]
[Source "ChessBase"]
[SourceQuality "1"]
[TimeControl "900+10"]

1. d4 Nf6 2. c4 e6 3. Nc3 Bb4 4. e3 b6 5. Nge2 Ne4 6. Qc2 Bb7 7. a3 Bxc3+ 8. Nxc3 Nxc3 9. Qxc3 d6 10. d5 e5 11. Bd3 O-O 12. O-O Nd7 13. f4 Nc5 14. fxe5 Nxd3 15. Qxd3 dxe5 16. Qf5 Qd6 17. Bd2 Bc8 18. Qf3 a5 19. Rac1 Qg6 20. Kh1 Bb7 21. e4 Bc8 22. c5 b5 23. Bc3 Re8 24. h3 Ra6 25. Qd3 Ra8 26. Rf3 Qh6 27. Bd2 Qh5 28. d6 cxd6 29. cxd6 Rd8 30. Rc7 Bd7 31. Qd5 Rab8 32. Bxa5 Be6 33. Qd2 Rd7 34. Qc2 Rxd6 35. Rc5 Qg5 36. Rf2 Qg3 37. Bc7 Bxh3 38. Bxd6 Bxg2+ 39. Rxg2 Qe1+ 40. Rg1 Qh4+ 41. Kg2 Qg4+ 42. Kf1 Qf3+ 43. Qf2 Qd3+ 44. Kg2 Qxd6 45. Rgc1 Qg6+ 46. Kf3 Qh5+ 47. Ke3 Qh6+ 48. Ke2 Qh5+ 49. Qf3 Qh2+ 50. Qf2 Qh5+ 51. Kd2 Qg4 52. Qe3 Rd8+ 53. Kc3 h5 54. Rg1 Qd7 55. Rxe5 b4+ 56. axb4 Rc8+ 57. Rc5 Rd8 58. Rxh5 Qc6+ 59. Rc5 Qf6+ 60. Kc2 Qa6 61. Rxg7+ Kh8 62. Rg1 Qa4+ 63. Kc3 f5 64. Qh6# 1-0

[Event "Asian Amateur Rapid Women 2024"]
[Site "Al Ain"]
[Date "2024.12.15"]
[Round "3.4"]
[White "Anoud Eisa Mohamed"]
[Black "Mariam Khalifa AlQubaisi"]
[Result "1-0"]
[ECO "C84"]
[WhiteElo "1884"]
[BlackElo "1438"]
[Annotator "NA RC"]
[PlyCount "53"]
[EventDate "2024.12.15"]
[EventType "swiss"]
[EventCountry "UAE"]
[SourceTitle "playchess.com"]
[Source "ChessBase"]
[SourceQuality "1"]
[TimeControl "900+10"]

1. e4 e5 2. Nf3 Nc6 3. Bb5 a6 4. Ba4 Nf6 5. d3 b5 6. Bb3 Be7 7. O-O O-O 8. Nbd2 d5 9. Re1 d4 10. a4 Bb7 11. Nf1 Nb4 12. Nxe5 Qd6 13. Bf4 Qc5 14. Ng4 Rad8 15. Ng3 Bc6 16. axb5 Bxb5 17. Nxf6+ Bxf6 18. e5 Be7 19. Qg4 Kh8 20. Nh5 g6 21. Bh6 Rg8 22. Nf6 Bxf6 23. exf6 Rge8 24. Bxf7 Rxe1+ 25. Rxe1 Rg8 26. Bxg8 Kxg8 27. Qe6+ 1-0

[Event "Asian Amateur Rapid Women 2024"]
[Site "Al Ain"]
[Date "2024.12.15"]
[Round "3.5"]
[White "Joshi, Sindira"]
[Black "Marksim Karki Abirami, Sriiyukthaa"]
[Result "1/2-1/2"]
[ECO "B23"]
[WhiteElo "1735"]
[BlackElo "1466"]
[Annotator "NA RC"]
[PlyCount "110"]
[EventDate "2024.12.15"]
[EventType "swiss"]
[EventCountry "UAE"]
[SourceTitle "playchess.com"]
[Source "ChessBase"]
[SourceQuality "1"]
[TimeControl "900+10"]

1. e4 c5 2. Nc3 d6 3. f4 Nc6 4. Nf3 Nf6 5. Bb5 g6 6. O-O Bg7 7. d3 O-O 8. Bxc6 bxc6 9. Qe1 e6 10. Kh1 Rb8 11. Ng5 h6 12. Nf3 Re8 13. Qf2 Kh7 14. e5 dxe5 15. Nxe5 Qc7 16. Qxc5 Nd7 17. Nxd7 Bxd7 18. Rb1 Qb6 19. Be3 Qxc5 20. Bxc5 Rb7 21. d4 Reb8 22. b3 Be8 23. Ne4 Rd7 24. c3 f5 25. Nd2 Rd5 26. Nc4 Bd7 27. Ne5 Bxe5 28. fxe5 Bc8 29. Bd6 Ra8 30. Rfd1 Ba6 31. c4 Ra5 32. Bb4 Rxa2 33. Ra1 Rxa1 34. Rxa1 Bb7 35. h3 a6 36. Bc5 Bc8 37. b4 Rb8 38. Rf1 g5 39. Rd1 f4 40. d5 cxd5 41. cxd5 exd5 42. Rxd5 Kg7 43. Rd6 Rb7 44. Rxa6 Rxb4 45. Ra7+ Rb7 46. Ra1 Kf7 47. Bd6 Ke6 48. Rc1 Bd7 49. Rc7 Rxc7 50. Bxc7 Kd5 51. Kg1 f3 52. gxf3 Bxh3 53. Kf2 h5 54. Kg3 Be6 55. Bd6 g4 1/2-1/2

[Event "Asian Amateur Rapid Women 2024"]
[Site "Al Ain"]
[Date "2024.12.15"]
[Round "3.6"]
[White "Sananda R"]
[Black "Rowdah Ghalib Alafeefi"]
[Result "1-0"]
[ECO "C54"]
[WhiteElo "1696"]
[BlackElo "1450"]
[Annotator "NA RC"]
[PlyCount "73"]
[EventDate "2024.12.15"]
[EventType "swiss"]
[EventCountry "UAE"]
[SourceTitle "playchess.com"]
[Source "ChessBase"]
[SourceQuality "1"]
[TimeControl "900+10"]

1. e4 e5 2. Nf3 Nc6 3. Bc4 Bc5 4. c3 Nf6 5. d3 a6 6. b4 Ba7 7. Nbd2 h6 8. h3 O-O 9. Nf1 d6 10. Ng3 Be6 11. Bxe6 fxe6 12. O-O Qe8 13. Be3 Nh5 14. Bxa7 Rxa7 15. Qb3 Qg6 16. Nxh5 Rxf3 17. Ng3 Rf6 18. Qd1 Ra8 19. Qe2 Raf8 20. a4 b6 21. b5 axb5 22. axb5 Na5 23. Kh2 Qe8 24. Rab1 Qd7 25. f3 Ra8 26. c4 Rff8 27. Rf2 Ra7 28. Qe3 Rfa8 29. f4 exf4 30. Qxf4 e5 31. Qh4 Nb7 32. Nf5 Nc5 33. Qg3 Ra3 34. Rf3 Rc3 35. Nxh6+ Kh8 36. Rf7 Qxf7 37. Nxf7+ 1-0

[Event "Asian Amateur Rapid Women 2024"]
[Site "Al Ain"]
[Date "2024.12.15"]
[Round "3.7"]
[White "Saeidpour, Mona"]
[Black "Sabirova, Shakhnoza"]
[Result "0-1"]
[ECO "D59"]
[WhiteElo "1905"]
[BlackElo "1903"]
[Annotator "RC"]
[PlyCount "96"]
[EventDate "2024.12.15"]
[EventType "swiss"]
[EventCountry "UAE"]
[SourceTitle "playchess.com"]
[Source "ChessBase"]
[SourceQuality "1"]
[TimeControl "900+10"]

1. d4 Nf6 2. c4 e6 3. Nc3 d5 4. Bg5 Be7 5. e3 h6 6. Bh4 O-O 7. Nf3 b6 8. cxd5 Nxd5 9. Bxe7 Qxe7 10. Nxd5 exd5 11. Bd3 Be6 12. O-O Nd7 13. Rc1 c5 14. dxc5 bxc5 15. Bb1 Qf6 16. Qc2 g6 17. Qd2 Rab8 18. b3 h5 19. Qc3 Qg7 20. Rfd1 f6 21. Qd3 g5 22. Qa6 Rb6 23. Qxa7 Rfb8 24. Qc7 h4 25. Qa7 h3 26. g3 Bg4 27. Rxd5 R6b7 28. Qa6 Bxf3 29. Rd6 Qe7 30. Qd3 Ne5 31. Qd2 Bg2 32. Be4 Bxe4 33. Kf1 Bg2+ 34. Ke2 Bf3+ 35. Ke1 Be4 36. Kd1 Rd7 37. Rxd7 Qxd7 38. Rxc5 Nd3 39. Rc4 Bf3+ 40. Kc2 Nb4+ 41. Kc3 Qxd2+ 42. Kxd2 Nxa2 43. Ra4 Nb4 44. Ra7 Nc6 45. Ra3 Ne5 46. Kc3 Ng4 47. Ra6 Kg7 48. b4 Nxh2 0-1

[Event "Asian Amateur Rapid Women 2024"]
[Site "Al Ain"]
[Date "2024.12.15"]
[Round "3.9"]
[White "Daneshpour, Aram"]
[Black "Al Khoori, Noora Mahmood Abdull"]
[Result "1-0"]
[ECO "C56"]
[WhiteElo "1563"]
[BlackElo "1513"]
[Annotator "NA RC"]
[PlyCount "71"]
[EventDate "2024.12.15"]
[EventType "swiss"]
[EventCountry "UAE"]
[SourceTitle "playchess.com"]
[Source "ChessBase"]
[SourceQuality "1"]
[TimeControl "900+10"]

1. e4 e5 2. Nf3 Nc6 3. d4 exd4 4. Bc4 Nf6 5. Ng5 d5 6. exd5 Ne5 7. Bb5+ Bd7 8. Bxd7+ Qxd7 9. Qxd4 Qxd5 10. Qxd5 Nxd5 11. Bd2 h6 12. Ne4 O-O-O 13. Nbc3 Nc4 14. Nxd5 Rxd5 15. O-O-O Be7 16. Bc3 Rxd1+ 17. Rxd1 f6 18. Ng3 Bc5 19. Bd4 Bd6 20. Nf5 Rg8 21. Nxd6+ Nxd6 22. Bxa7 Nb5 23. Bc5 b6 24. Bb4 Re8 25. a4 Na7 26. Re1 Rxe1+ 27. Bxe1 Nc6 28. Bc3 Kd7 29. Kd2 Kd6 30. b4 Kd5 31. Kd3 Nd8 32. a5 bxa5 33. bxa5 Nc6 34. a6 Kc5 35. Bd4+ Nxd4 36. a7 1-0

[Event "Asian Amateur Rapid Women 2024"]
[Site "Al Ain"]
[Date "2024.12.15"]
[Round "3.10"]
[White "Mera Abdulaziz Aidarous"]
[Black "Bhandari, Pooja"]
[Result "1-0"]
[ECO "C02"]
[WhiteElo "1584"]
[BlackElo "1684"]
[Annotator "NA RC"]
[PlyCount "73"]
[EventDate "2024.12.15"]
[EventType "swiss"]
[EventCountry "UAE"]
[SourceTitle "playchess.com"]
[Source "ChessBase"]
[SourceQuality "1"]
[TimeControl "900+10"]

1. e4 e6 2. d4 d5 3. e5 c5 4. c3 Qb6 5. a3 Bd7 6. Nf3 Bb5 7. Bd3 Bxd3 8. Qxd3 Nc6 9. b4 cxd4 10. cxd4 Nge7 11. O-O Ng6 12. Nc3 Be7 13. Na4 Qc7 14. Be3 O-O 15. Rfc1 Qd8 16. Rc2 Qe8 17. Nc5 b6 18. Na6 Qd7 19. Rac1 Rac8 20. Qb5 f6 21. Rxc6 Kf7 22. a4 fxe5 23. dxe5 Rxc6 24. Qxc6 Qxc6 25. Rxc6 Rd8 26. Rc7 h6 27. Rxa7 Rc8 28. Rc7 Ra8 29. b5 Kf8 30. Bxb6 Bd8 31. Rc6 Bxb6 32. Rxb6 Rc8 33. Rb8 Ne7 34. Rxc8+ Nxc8 35. a5 Na7 36. Nd4 Ke7 37. b6 1-0

[Event "Asian Amateur Rapid Women 2024"]
[Site "Al Ain"]
[Date "2024.12.15"]
[Round "3.12"]
[White "Zhumabek, Nursaya"]
[Black "Prakash, Sadhana"]
[Result "1-0"]
[ECO "A07"]
[WhiteElo "1448"]
[BlackElo "1408"]
[Annotator "NA RC"]
[PlyCount "79"]
[EventDate "2024.12.15"]
[EventType "swiss"]
[EventCountry "UAE"]
[SourceTitle "playchess.com"]
[Source "ChessBase"]
[SourceQuality "1"]
[TimeControl "900+10"]

1. Nf3 d5 2. g3 Bf5 3. Bg2 e6 4. O-O Nf6 5. Nc3 Bd6 6. d3 O-O 7. Re1 e5 8. Bg5 d4 9. Nd5 Nbd7 10. Nh4 Be6 11. Nxf6+ Nxf6 12. c3 c6 13. cxd4 exd4 14. Nf3 Bc5 15. Nd2 h6 16. Bxf6 Qxf6 17. Ne4 Qe7 18. Nxc5 Qxc5 19. a3 a5 20. Rc1 Qb6 21. Qc2 Rfc8 22. Qd2 Re8 23. Rb1 Ba2 24. Rbc1 Bb3 25. e3 dxe3 26. fxe3 Rad8 27. d4 c5 28. dxc5 Rxd2 29. cxb6 Rxb2 30. Rb1 Rxb1 31. Rxb1 a4 32. Bxb7 Rb8 33. Bc6 Rxb6 34. Bxa4 Bxa4 35. Rxb6 Bd7 36. Ra6 Bb5 37. Ra8+ Kh7 38. a4 Bc6 39. Ra7 Kg6 40. Ra6 1-0

[Event "Asian Amateur Rapid Women 2024"]
[Site "Al Ain"]
[Date "2024.12.15"]
[Round "3.18"]
[White "Al Dhaffari, Salma"]
[Black "Mikheeva, Vasilisa"]
[Result "0-1"]
[ECO "D07"]
[WhiteElo "1619"]
[BlackElo "1436"]
[Annotator "NA RC"]
[PlyCount "60"]
[EventDate "2024.12.15"]
[EventType "swiss"]
[EventCountry "UAE"]
[SourceTitle "playchess.com"]
[Source "ChessBase"]
[SourceQuality "1"]
[TimeControl "900+10"]

1. d4 d5 2. c4 dxc4 3. Nc3 Nc6 4. Nf3 Nf6 5. Bf4 a6 6. a4 Bf5 7. e3 e6 8. Bxc4 Bb4 9. O-O O-O 10. Bd3 Bxd3 11. Qxd3 h6 12. Ne4 Nxe4 13. Qxe4 Bd6 14. Ne5 Bxe5 15. Bxe5 Nxe5 16. Qxe5 Re8 17. Rfc1 c6 18. Qg3 Qe7 19. Rc5 Rad8 20. Rh5 Kh8 21. h4 Rd5 22. Rxd5 exd5 23. b3 Rd8 24. Qf4 Rd6 25. Rc1 Rf6 26. Qb8+ Kh7 27. Rc5 Qe4 28. g3 Rg6 29. Qf4 Qb1+ 30. Kh2 Rf6 0-1

[Event "Asian Amateur Rapid Women 2024"]
[Site "Al Ain"]
[Date "2024.12.15"]
[Round "4.1"]
[White "Antonova, Nadezhda"]
[Black "Wijesuriya, G P Y"]
[Result "0-1"]
[ECO "A41"]
[WhiteElo "1989"]
[BlackElo "1867"]
[Annotator "RC"]
[PlyCount "64"]
[EventDate "2024.12.15"]
[EventType "swiss"]
[EventCountry "UAE"]
[SourceTitle "playchess.com"]
[Source "ChessBase"]
[SourceQuality "1"]
[TimeControl "900+10"]

1. Nf3 Nf6 2. c4 Nc6 3. d4 d6 4. d5 Ne5 5. Nxe5 dxe5 6. Nc3 e6 7. e4 Bd7 8. a3 exd5 9. cxd5 Bc5 10. Be2 O-O 11. O-O Bd4 12. Bf3 c6 13. Bg5 h6 14. Bh4 g5 15. Bg3 cxd5 16. exd5 Qb6 17. Qd2 Bf5 18. Be2 Rac8 19. h4 Bxc3 20. bxc3 Ne4 21. Qe3 Qxe3 22. fxe3 Nxg3 23. Rxf5 Nxf5 24. Bg4 Nxe3 25. Bxc8 Rxc8 26. hxg5 hxg5 27. d6 Rd8 28. Re1 Nc4 29. Re4 b5 30. a4 a6 31. axb5 axb5 32. Rg4 f6 0-1

[Event "Asian Amateur Rapid Women 2024"]
[Site "Al Ain"]
[Date "2024.12.15"]
[Round "4.2"]
[White "Anoud Eisa Mohamed"]
[Black "Asudani Ruhani Raj"]
[Result "1-0"]
[ECO "B30"]
[WhiteElo "1884"]
[BlackElo "1613"]
[Annotator "NA RC"]
[PlyCount "73"]
[EventDate "2024.12.15"]
[EventType "swiss"]
[EventCountry "UAE"]
[SourceTitle "playchess.com"]
[Source "ChessBase"]
[SourceQuality "1"]
[TimeControl "900+10"]

1. e4 c5 2. Nf3 Nc6 3. Bb5 e6 4. O-O Nge7 5. Re1 a6 6. Bf1 d5 7. exd5 exd5 8. d4 c4 9. b3 b5 10. a4 Be6 11. Ng5 Qc8 12. Nxe6 fxe6 13. axb5 axb5 14. Rxa8 Qxa8 15. Rxe6 Kf7 16. Re1 Nf5 17. c3 Bd6 18. Qf3 Nce7 19. g4 Rf8 20. gxf5 Kg8 21. bxc4 Rxf5 22. Qe2 Rf6 23. cxb5 Qb8 24. Kh1 Qf8 25. Bg2 Kh8 26. f3 Rf5 27. Ba3 Bxa3 28. Nxa3 Ng6 29. Qe8 Kg8 30. Qxf8+ Rxf8 31. Rb1 Ra8 32. b6 Ne7 33. Nb5 Rb8 34. Nc7 Kf7 35. f4 Kf6 36. Nxd5+ Nxd5 37. Bxd5 1-0

[Event "Asian Amateur Rapid Women 2024"]
[Site "Al Ain"]
[Date "2024.12.15"]
[Round "4.3"]
[White "Marksim Karki Abirami, Sriiyukthaa"]
[Black "Sananda R"]
[Result "0-1"]
[ECO "E06"]
[WhiteElo "1466"]
[BlackElo "1696"]
[Annotator "NA RC"]
[PlyCount "110"]
[EventDate "2024.12.15"]
[EventType "swiss"]
[EventCountry "UAE"]
[SourceTitle "playchess.com"]
[Source "ChessBase"]
[SourceQuality "1"]
[TimeControl "900+10"]

1. d4 Nf6 2. c4 e6 3. g3 d5 4. Bg2 Be7 5. Nf3 Nc6 6. O-O O-O 7. Nbd2 h6 8. Qc2 Rb8 9. a4 Nb4 10. Qd1 b6 11. cxd5 exd5 12. Re1 Bf5 13. e4 Nxe4 14. Nxe4 Bxe4 15. Ne5 Bxg2 16. Kxg2 Bd6 17. Bd2 Bxe5 18. Bxb4 Bd6 19. Bxd6 Qxd6 20. Rc1 Rfe8 21. Rxe8+ Rxe8 22. Qc2 Re7 23. Qc6 Qxc6 24. Rxc6 Kf8 25. a5 Ke8 26. b4 Kd7 27. b5 Re4 28. Rc3 Rxd4 29. Rb3 bxa5 30. Ra3 a4 31. Kf3 Rb4 32. Ke2 Kd6 33. Kd2 Kc5 34. Rf3 f6 35. Rf5 Rxb5 36. Kc3 Rb3+ 37. Kc2 c6 38. Rf4 Rb4 39. Rf3 Rc4+ 40. Kb2 Kb4 41. h4 a3+ 42. Rxa3 Rc2+ 43. Kxc2 Kxa3 44. f4 Kb4 45. g4 a5 46. g5 a4 47. Kb2 a3+ 48. Ka2 d4 49. gxf6 gxf6 50. f5 d3 51. Kb1 Kc3 52. Ka2 d2 53. Kxa3 d1=Q 54. Ka2 Qb3+ 55. Ka1 Qb2# 0-1

[Event "Asian Amateur Rapid Women 2024"]
[Site "Al Ain"]
[Date "2024.12.15"]
[Round "4.4"]
[White "Sabirova, Shakhnoza"]
[Black "Hotami, Mutriba"]
[Result "1-0"]
[ECO "B25"]
[WhiteElo "1903"]
[BlackElo "1882"]
[Annotator "RC"]
[PlyCount "109"]
[EventDate "2024.12.15"]
[EventType "swiss"]
[EventCountry "UAE"]
[SourceTitle "playchess.com"]
[Source "ChessBase"]
[SourceQuality "1"]
[TimeControl "900+10"]

1. e4 c5 2. Nc3 d6 3. g3 Nf6 4. Bg2 g6 5. d3 Bg7 6. Nge2 O-O 7. O-O Nc6 8. h3 Nd4 9. Nxd4 cxd4 10. Ne2 e5 11. f4 Bd7 12. Kh2 Rc8 13. c3 Qb6 14. g4 Rfe8 15. c4 Qc7 16. Ng3 exf4 17. Bxf4 Bc6 18. c5 Bf8 19. Qf3 Bb5 20. Bxd6 Bxd6 21. cxd6 Qxd6 22. Qxf6 Qxf6 23. Rxf6 Bxd3 24. Rd1 Bb5 25. Rxd4 Rc2 26. a4 Bc6 27. Kg1 Rxb2 28. Rf2 Rb3 29. Kh2 Ra3 30. Rb2 Re5 31. Bf1 Rc5 32. Bb5 Rcc3 33. Rg2 a6 34. Bxc6 bxc6 35. e5 c5 36. Rd8+ Kg7 37. g5 Re3 38. Rd7 Rxe5 39. Rf2 Rxg5 40. Rfxf7+ Kg8 41. Rfe7 Ra2+ 42. Ne2 Kf8 43. h4 Rf5 44. Kg3 Ra3+ 45. Kg2 Rxa4 46. Rxh7 Kg8 47. Ng3 Ra2+ 48. Kh3 Ra3 49. Rhg7+ Kf8 50. Rxg6 c4 51. Rc6 Ke8 52. Ra7 Rd5 53. Rh6 Rf5 54. Rh8+ Rf8 55. Ra8+ 1-0

[Event "Asian Amateur Rapid Women 2024"]
[Site "Al Ain"]
[Date "2024.12.15"]
[Round "4.5"]
[White "Smaraki, Mohanty"]
[Black "Almaamari, Zainab Darwish"]
[Result "1-0"]
[ECO "A10"]
[WhiteElo "1745"]
[BlackElo "1751"]
[Annotator "NA RC"]
[PlyCount "106"]
[EventDate "2024.12.15"]
[EventType "swiss"]
[EventCountry "UAE"]
[SourceTitle "playchess.com"]
[Source "ChessBase"]
[SourceQuality "1"]
[TimeControl "900+10"]

1. c4 d5 2. cxd5 Qxd5 3. Nc3 Qd8 4. d4 e6 5. e4 a6 6. Nf3 Nf6 7. Bg5 Be7 8. Be2 h6 9. Bh4 g5 10. Bg3 g4 11. Ne5 h5 12. Qa4+ b5 13. Bxb5+ axb5 14. Qxa8 b4 15. Qxb8 bxc3 16. bxc3 O-O 17. Nc6 Qd7 18. Nxe7+ Qxe7 19. Qxc7 Qxc7 20. Bxc7 Nxe4 21. Rc1 Ba6 22. f3 Nf6 23. Be5 Nd5 24. Kd2 Bc4 25. a4 Ra8 26. Ra1 Bb3 27. a5 Rc8 28. Rhc1 f6 29. Bd6 Rd8 30. Bc5 e5 31. a6 exd4 32. cxd4 Nf4 33. fxg4 hxg4 34. a7 Bd5 35. Rcb1 Ra8 36. Rb8+ Kg7 37. g3 Ne6 38. Rxa8 Bxa8 39. Rb1 Bd5 40. Rb8 Nc7 41. Rd8 Be6 42. a8=Q Nxa8 43. Rxa8 Kg6 44. Ke3 Kf5 45. Bd6 Bd5 46. Ra5 Ke6 47. Bb4 Bb3 48. Kf4 Bd1 49. d5+ Kd7 50. Ra7+ Kd8 51. d6 Bf3 52. d7 Be2 53. Ba5+ Ke7 1-0

[Event "Asian Amateur Rapid Women 2024"]
[Site "Al Ain"]
[Date "2024.12.15"]
[Round "4.6"]
[White "Ahlam Rashed"]
[Black "Zhumabek, Nursaya"]
[Result "1-0"]
[ECO "D78"]
[WhiteElo "1987"]
[BlackElo "1448"]
[Annotator "RC"]
[PlyCount "101"]
[EventDate "2024.12.15"]
[EventType "swiss"]
[EventCountry "UAE"]
[SourceTitle "playchess.com"]
[Source "ChessBase"]
[SourceQuality "1"]
[TimeControl "900+10"]

1. Nf3 Nf6 2. c4 c6 3. g3 g6 4. Bg2 Bg7 5. d4 d5 6. O-O O-O 7. Nc3 Bf5 8. Ne5 Nbd7 9. cxd5 Nxe5 10. dxe5 Nxd5 11. Nxd5 cxd5 12. Bxd5 Bxe5 13. Qb3 Rb8 14. Bh6 Bg7 15. Bxg7 Kxg7 16. Rfd1 Qc7 17. Rac1 Qe5 18. Bf3 Be6 19. Qa3 a6 20. Rc5 Qf6 21. Rc7 Rfe8 22. Bxb7 Qe5 23. Rxe7 Rxe7 24. Qxe7 Qxe2 25. Rb1 Qb5 26. Bg2 Bxa2 27. Ra1 Qxb2 28. Rxa2 Qxa2 29. Qe5+ Kg8 30. Qxb8+ Kg7 31. Qe5+ Kg8 32. Bd5 Qb1+ 33. Kg2 Qb5 34. Qd6 a5 35. Qc6 Qb8 36. Qb7 Qe8 37. Qa8 Qxa8 38. Bxa8 Kf8 39. Kf3 Ke7 40. Ke4 Kd6 41. Bd5 f6 42. Kd4 h6 43. h4 h5 44. Bf7 g5 45. Bxh5 gxh4 46. gxh4 Ke6 47. Ke4 f5+ 48. Kf4 Kf6 49. Bd1 Kg6 50. h5+ Kf6 51. f3 1-0

[Event "Asian Amateur Rapid Women 2024"]
[Site "Al Ain"]
[Date "2024.12.15"]
[Round "4.7"]
[White "Olandag, Meghan Gabrielle"]
[Black "Daneshpour, Aram"]
[Result "1-0"]
[ECO "C42"]
[WhiteElo "1479"]
[BlackElo "1563"]
[Annotator "NA RC"]
[PlyCount "160"]
[EventDate "2024.12.15"]
[EventType "swiss"]
[EventCountry "UAE"]
[SourceTitle "playchess.com"]
[Source "ChessBase"]
[SourceQuality "1"]
[TimeControl "900+10"]

1. e4 e5 2. Nf3 Nf6 3. Nxe5 d6 4. Nc4 Nxe4 5. Nc3 Nxc3 6. dxc3 d5 7. Ne3 Be6 8. Bd3 Bd6 9. O-O c6 10. Nf5 Bxf5 11. Bxf5 O-O 12. Qg4 Qc7 13. h4 Rd8 14. Bh6 Be5 15. Rfe1 Nd7 16. f4 Bf6 17. Re7 Qb6+ 18. Kh1 Nf8 19. h5 Qf2 20. g3 Re8 21. Rxe8 Rxe8 22. Bg5 Re2 23. Qh3 Bxg5 24. fxg5 Qf3+ 25. Kg1 Qf2+ 26. Kh1 Qf3+ 27. Kg1 Re3 28. Kh2 Qf2+ 29. Kh1 Rxg3 30. Qf1 Qxf1+ 31. Rxf1 Rxg5 32. Bc8 Rxh5+ 33. Kg2 b6 34. Bb7 c5 35. Rd1 Ne6 36. Kf3 d4 37. cxd4 Nxd4+ 38. Ke3 Kf8 39. c3 Nf5+ 40. Kf4 Ke7 41. Bf3 Rh3 42. Bg4 Ne3 43. Rd7+ Ke8 44. Bxh3 g5+ 45. Kxg5 f5 46. Rxh7 a6 47. Bxf5 Nd5 48. Rh8+ Ke7 49. Rh6 Nc7 50. Rxb6 Kd8 51. Rd6+ Ke8 52. Rd7 Nb5 53. Rd5 c4 54. Bc8 Nc7 55. Re5+ Kd8 56. Bb7 Kd7 57. Bd5 Kd6 58. Re4 Kxd5 59. Kf5 Nb5 60. Re5+ Kc6 61. Ke4 Kd6 62. a4 Nc7 63. Kd4 Na8 64. Kxc4 Nb6+ 65. Kd4 Nxa4 66. Ra5 Nxb2 67. Rxa6+ Kc7 68. Kc5 Nd3+ 69. Kd4 Nc1 70. c4 Nb3+ 71. Kc3 Nc5 72. Rh6 Kd7 73. Kd4 Ne6+ 74. Rxe6 Kxe6 75. Kc5 Kd7 76. Kb6 Kc8 77. Kc6 Kb8 78. Kd7 Kb7 79. c5 Kb8 80. c6 Ka7 1-0

[Event "Asian Amateur Rapid Women 2024"]
[Site "Al Ain"]
[Date "2024.12.15"]
[Round "4.8"]
[White "Mariam Khalifa AlQubaisi"]
[Black "Ahoud Eisa Mohamed"]
[Result "0-1"]
[ECO "C67"]
[WhiteElo "1438"]
[BlackElo "1553"]
[Annotator "NA RC"]
[PlyCount "94"]
[EventDate "2024.12.15"]
[EventType "swiss"]
[EventCountry "UAE"]
[SourceTitle "playchess.com"]
[Source "ChessBase"]
[SourceQuality "1"]
[TimeControl "900+10"]

1. e4 e5 2. Nf3 Nc6 3. Bb5 Nf6 4. O-O Nxe4 5. Re1 Nd6 6. Nxe5 Nxe5 7. Rxe5+ Be7 8. Nc3 O-O 9. Bf1 Bf6 10. Re1 Re8 11. Rxe8+ Nxe8 12. d4 d5 13. Bf4 c6 14. Qd2 Nd6 15. Bxd6 Qxd6 16. Rd1 Bf5 17. g3 Re8 18. Bg2 h6 19. Ne2 b6 20. Qf4 Qxf4 21. Nxf4 Bxc2 22. Rc1 Ba4 23. b3 Bb5 24. a4 Ba6 25. h3 Bb7 26. Rd1 Bg5 27. Nd3 Bf6 28. Nb4 a5 29. Nc2 Re2 30. Ne3 Rb2 31. Rd3 Ba6 32. Rc3 Bxd4 33. Rxc6 Rxb3 34. Nxd5 Rb1+ 35. Kh2 g6 36. Ne3 Rb2 37. Kg1 Ra2 38. Bd5 Rxa4 39. Rxg6+ Kh7 40. Bxf7 Ra1+ 41. Kg2 Bb7+ 42. f3 Bxe3 43. h4 Rg1+ 44. Kh3 Bxf3 45. g4 Bf2 46. Rxh6+ Kxh6 47. g5+ Kg7 0-1